 Dungeon Sprint DCSS version 0.30-a0-451-ge042605de7 (webtiles) character file.

Game seed: 4449559926359792275

34649 rocky1 the Warrior (level 13, -10/165 HPs)
             Began as an Ogre Gladiator on Dec 11, 2022.
             Was the Champion of Cheibriados.
             Mangled by a centaur warrior simulacrum (25 damage)
             ... animated by a necromancer
             ... in the Dungeon (Sprint VII: "The Pits").
             The game lasted 00:17:48 (3652 turns).

rocky1 the Warrior (Ogre Gladiator)                 Turns: 3652, Time: 00:17:49

Health: -10/165    AC: 11    Str: 41    XL:     13   Next: 78%
Magic:  24/24      EV: 20    Int: 26    God:    Cheibriados [******]
Gold:   27         SH:  5    Dex: 25    Spells: 22/27 levels left

rFire   . . .      SeeInvis .    b - +6 lajatang (vamp)
rCold   . . .      Faith    .    (shield currently unavailable)
rNeg    . . .      Spirit   .    v - +0 troll leather armour
rPois   .          Reflect  +    c - +0 hat
rElec   .          Harm     .    p - +0 cloak
rCorr   .          Rampage  .    (gloves unavailable)
Will    +....      NoTele   +    (boots unavailable)
Stlth   ++........               C - amulet of reflection
HPRegen 1.27/turn                r - +3 ring of protection
MPRegen 0.19/turn                q - +3 ring of strength

@: lethally poisoned (-10 -> -17), very slow
A: large, unfitting armour, tough skin 1
a: Renounce Religion, Bend Time, Temporal Distortion, Slouch, Step From Time


You were in the Dungeon.
You worshipped Cheibriados.
Cheibriados was exalted by your worship.
You visited 1 branch You collected 27 gold pieces.

Inventory:

Hand Weapons
 a - a +1 broad axe of flaming
 b - a +6 vampiric lajatang (weapon)
 h - a +2 dire flail of protection
 k - a +1 battleaxe
 n - a +4 flail of freezing
 o - a +2 hand axe of holy wrath
 M - a +0 battleaxe of freezing
Missiles
 d - a throwing net
 e - a large rock (quivered)
 F - 5 poisoned darts
Armour
 c - a +0 hat (worn)
 p - a +0 cloak (worn)
 v - a +0 troll leather armour (worn)
 w - +3 storm dragon scales
 z - +3 shadow dragon scales
 K - a +1 robe of willpower
Magical Staves
 L - a staff of cold
Jewellery
 q - a +3 ring of strength (right hand)
 r - a +3 ring of protection (left hand)
 C - an amulet of reflection (around neck)
 D - a ring of protection from cold
Scrolls
 m - 5 scrolls of amnesia
 x - 6 scrolls of enchant armour
 y - 2 scrolls of blinking
 A - 2 scrolls of fear
Potions
 f - 4 potions of curing
 g - 22 potions of heal wounds
 i - a potion of magic
 j - 5 potions of berserk rage
 l - 2 potions of invisibility
 s - a potion of brilliance
 t - a potion of might
 u - 2 potions of resistance
 G - a potion of cancellation
Miscellaneous
 E - a phial of floods
 I - a tin of tremorstones (2/2)


   Skills:
 + Level 19.8 Fighting
 - Level 5.4(13.7) Axes
 - Level 17.8(19.1) Maces & Flails
 * Level 11.6(16.7) Staves
 - Level 2.0 Throwing
 - Level 11.3 Armour
 - Level 12.6 Dodging
 + Level 7.5 Spellcasting
 + Level 6.3 Earth Magic
 - Level 15.0 Invocations


You had 22 spell levels left.
You knew the following spells:

 Your Spells              Type           Power      Damage    Failure   Level
a - Lee's Rapid Deconstr  Erth           21%        3d12*     13%         5

Your spell library contained the following spells:

 Spells                   Type           Power      Damage    Failure   Level
 Kindle Blastsparks       Fire/Tloc/Air  18%        2d11      19%         3
 Airstrike                Air            4%         2d(1-17)  52%         4
 Fulminant Prism          Conj/Hex       4%         3d5       52%         4
 Iskenderun's Mystic Bla  Conj/Tloc      9%         2d4       52%         4
 Summon Lightning Spire   Summ/Air       9%         N/A       52%         4
 Lightning Bolt           Conj/Air       4%         1d16      86%         5


Dungeon Overview and Level Annotations

Branches:
Dungeon (1/1)

Altars:
Ashenzari
Cheibriados
Dithmenos
Elyvilon
Fedhas
Gozag
Hepliaklqana
Kikubaaqudgha
Makhleb
Nemelex Xobeh
Okawaru
Qazlal
Ru
Sif Muna
Trog
Uskayaw
Vehumet
Wu Jian
Xom
Yredelemnul
Zin
The Shining One
Jiyva
Lugonu


Innate Abilities, Weirdness & Mutations

You are too large for most types of armour.
You have tough skin. (AC +1)


Message History

You are poisoned.
The centaur warrior kicks you but does no damage.
Unknown command.
You completely miss the centaur warrior.
The centaur warrior is moderately wounded.
You feel sick.
You hear a shout!
The centaur warrior completely misses you. x2
You slice the centaur warrior!!
The centaur warrior is severely wounded.
You feel sick. The centaur warrior misses you.
The centaur warrior barely misses you. The death yak gores you!
You closely miss the centaur warrior.
The centaur warrior is severely wounded.
You feel sick.
The centaur warrior hits you with a +3 falchion of venom.
* * * LOW HITPOINT WARNING * * *
You are more poisoned.
The centaur warrior kicks you but does no damage.
The death yak gores you!!
* * * LOW HITPOINT WARNING * * *
You slash the centaur warrior!
You kill the centaur warrior!
Cheibriados thoroughly appreciates the change of pace.
You feel sick.
Unknown command.
A centaur warrior simulacrum, a necromancer, a bat simulacrum and an adder zombie come into view.
The necromancer is wielding a +2 dagger of venom.
You feel very sick.
The necromancer hits you but does no damage.
You are more poisoned.
The centaur warrior simulacrum barely misses you.
The centaur warrior simulacrum completely misses you.
You block the death yak's attack.
The necromancer casts a spell.
The necromancer binds the souls of nearby monsters.
The centaur warrior simulacrum hits you.
* * * LOW HITPOINT WARNING * * *
The centaur warrior simulacrum freezes you!!
You die...

########## .........+ .........+
#### #######..# #Z#.# #..# #y#p#
#..# ##.#O# #..# # #Y#p# #..# #.
##@# #..# #..#Z##############..#
############....................#
_________.##....................#
_________.###########''##########
_______...###########''##########
#########'##................##..#
.?(.')))'.##......#..#......##..#
#########.##................++..#


You could see a death yak, a two-headed ogre (soul bound), 2 necromancers and a
centaur warrior simulacrum.

Vanquished Creatures
  A sphinx (D)
  Agnes (D)
  A nagaraja (D)
  An emperor scorpion (D)
  A frost giant (D)
  2 orc warlords (D)
  Azrael (D)
  An eidolon (D)
  2 vault guards (D)
  Erolcha (D)
  A merfolk avatar (D)
  A centaur warrior (D)
  A boulder beetle (D)
  A naga warrior (D)
  A vampire mage (D)
  3 hell hogs (D)
  A deep elf knight (D)
  A fire crab (D)
  A shadow wraith (D)
  A deep troll (D)
  3 flayed ghosts (D)
  A deep elf zephyrmancer (D)
  9 orc knights (D)
  2 manticores (D)
  A black mamba (D)
  2 gargoyles (D)
  An eye of devastation (D)
  A cane toad (D)
  An orange demon (D)
  A demonic crawler (D)
  A guardian mummy (D)
  A red devil (D)
  A troll (D)
  A tyrant leech (D)
  4 blink frogs (D)
  6 dream sheep (D)
  A jumping spider (D)
  2 shadows (D)
  A flying skull (D)
  A wraith (D)
  2 ynoxinuls (D)
  3 fire elementals (D)
  5 yaks (D)
  A water elemental (D)
  Grum (D)
  3 vampire mosquitoes (D)
  6 redbacks (D)
  Menkaure (D)
  An acid dragon (D)
  A warg (D)
  A water moccasin (D)
  4 hell hounds (D)
  3 orc warriors (D)
  A sky beast (D)
  An ice beast (D)
  4 wolves (D)
  2 phantoms (D)
  A bullfrog (D)
  3 scorpions (D)
  8 wights (D)
  2 iron imps (D)
  An orc priest (D)
  4 orc wizards (D)
  A gnoll (D)
  An adder (D)
  2 river rats (D)
  A white imp (D)
  An ufetubus (D)
  A worm (D)
  5 orcs (D)
  A bat skeleton (D)
  A bat zombie (D)
  4 jackals (D)
  2 kobolds (D)
  A quokka (D)
  A ball python skeleton (D)
  A giant cockroach simulacrum (D)
  A giant cockroach zombie (D)
  A rat (D)
149 creatures vanquished.

Vanquished Creatures (collateral kills)
  An elephant (D)
  An orc warrior (D)
2 creatures vanquished.

Vanquished Creatures (others)
  A deep elf knight (D)
1 creature vanquished.

Grand Total: 152 creatures vanquished

Notes
Turn   | Place    | Note
-------+----------+-------------------------------------------
     0 | D        | rocky1 the Ogre Gladiator began the quest for the Orb.
     0 | D        | Reached XP level 1. HP: 22/22 MP: 1/1
    11 | D        | Reached skill level 3 in Fighting
    37 | D        | Found a bloodstained altar of Trog.
    37 | D        | Found a shimmering blue altar of Sif Muna.
    37 | D        | Found a viscous altar of Jiyva.
    37 | D        | Found a hazy altar of Hepliaklqana.
    37 | D        | Found an opulent altar of Gozag.
    38 | D        | Found a glowing golden altar of the Shining One.
    38 | D        | Found a glowing silver altar of Zin.
    38 | D        | Found a basalt altar of Yredelemnul.
    38 | D        | Found a shimmering altar of Xom.
    38 | D        | Found an ornate altar of the Wu Jian Council.
    38 | D        | Found a sacrificial altar of Ru.
    38 | D        | Found a stormy altar of Qazlal.
    38 | D        | Found an iron altar of Okawaru.
    38 | D        | Found a sparkling altar of Nemelex Xobeh.
    38 | D        | Found a burning altar of Makhleb.
    38 | D        | Found a blossoming altar of Fedhas.
    38 | D        | Found a white marble altar of Elyvilon.
    38 | D        | Found a shadowy altar of Dithmenos.
    38 | D        | Found a snail-covered altar of Cheibriados.
    42 | D        | Found a corrupted altar of Lugonu.
    42 | D        | Found a radiant altar of Vehumet.
    43 | D        | Found a broken altar of Ashenzari.
    43 | D        | Found an ancient bone altar of Kikubaaqudgha.
    43 | D        | Found a hide-covered altar of Uskayaw.
    49 | D        | Became a worshipper of Cheibriados the Contemplative
    95 | D        | Noticed a scorpion
   101 | D        | Killed a scorpion
   101 | D        | Reached * piety under Cheibriados
   102 | D        | Reached skill level 4 in Fighting
   102 | D        | Reached XP level 2. HP: 24/33 MP: 2/4
   102 | D        | Reached XP level 3. HP: 29/40 MP: 2/5
   102 | D        | Reached XP level 4. HP: 36/49 MP: 2/6
   169 | D        | Reached ** piety under Cheibriados
   265 | D        | Noticed a bullfrog
   277 | D        | Reached skill level 5 in Maces & Flails
   278 | D        | Reached *** piety under Cheibriados
   284 | D        | Reached skill level 5 in Fighting
   294 | D        | Killed a bullfrog
   295 | D        | Reached skill level 6 in Fighting
   295 | D        | Reached XP level 5. HP: 18/59 MP: 6/8
   296 | D        | Reached **** piety under Cheibriados
   442 | D        | Noticed a phantom
   443 | D        | Noticed a flying skull
   455 | D        | Killed a phantom
   456 | D        | Reached skill level 5 in Dodging
   456 | D        | Reached XP level 6. HP: 38/68 MP: 9/9
   456 | D        | Reached ***** piety under Cheibriados
   556 | D        | Killed a flying skull
   557 | D        | Reached skill level 8 in Fighting
   557 | D        | Reached skill level 5 in Invocations
   563 | D        | Reached XP level 7. HP: 62/80 MP: 9/11
   629 | D        | Reached skill level 5 in Armour
   752 | D        | Noticed a warg
   758 | D        | Killed a warg
   758 | D        | Reached ****** piety under Cheibriados
   759 | D        | Reached skill level 9 in Fighting
   921 | D        | Noticed Menkaure
   925 | D        | Killed Menkaure
   926 | D        | Reached XP level 8. HP: 93/93 MP: 7/13
   959 | D        | Noticed a yak
   959 | D        | Noticed a yak
   959 | D        | Noticed a yak
   959 | D        | Noticed a yak
   959 | D        | Noticed a yak
   959 | D        | Noticed a flayed ghost
   961 | D        | Killed a yak
   961 | D        | Killed a yak
   961 | D        | Killed a yak
   961 | D        | Killed a yak
   962 | D        | Reached skill level 10 in Fighting
   962 | D        | Reached skill level 10 in Maces & Flails
   964 | D        | Killed a yak
   965 | D        | Reached XP level 9. HP: 72/102 MP: 3/15
   966 | D        | Killed a flayed ghost
   967 | D        | Reached skill level 11 in Fighting
  1418 | D        | Noticed an eidolon
  1425 | D        | Killed an eidolon
  1426 | D        | Reached skill level 12 in Fighting
  1426 | D        | Reached skill level 10 in Invocations
  1426 | D        | Reached XP level 10. HP: 40/115 MP: 2/17
  1446 | D        | Noticed an orc knight
  1451 | D        | Killed an orc knight
  1452 | D        | Reached skill level 13 in Fighting
  1452 | D        | Noticed an elephant
  1474 | D        | Killed an elephant
  1751 | D        | Noticed a flayed ghost
  1754 | D        | Reached skill level 10 in Dodging
  1756 | D        | Killed a flayed ghost
  1824 | D        | Noticed a cane toad
  1824 | D        | Noticed Erolcha
  1827 | D        | Noticed a boulder beetle
  1828 | D        | Killed a cane toad
  1829 | D        | Reached skill level 14 in Fighting
  1829 | D        | Reached XP level 11. HP: 104/130 MP: 8/19
  1829 | D        | Killed Erolcha
  1853 | D        | Killed a shadow wraith
  2052 | D        | Killed a boulder beetle
  2129 | D        | Noticed a manticore
  2133 | D        | Killed a manticore
  2134 | D        | Reached skill level 15 in Maces & Flails
  2136 | D        | Reached skill level 15 in Fighting
  2194 | D        | Noticed Grum
  2194 | D        | Noticed a vampire mage
  2197 | D        | Killed a vampire mage
  2197 | D        | Killed Grum
  2198 | D        | Reached skill level 10 in Armour
  2309 | D        | Noticed a deep elf zephyrmancer
  2309 | D        | Noticed a hell hog
  2309 | D        | Noticed a hell hog
  2309 | D        | Noticed a hell hog
  2312 | D        | Killed a hell hog
  2312 | D        | Killed a hell hog
  2312 | D        | Killed a hell hog
  2312 | D        | Killed a deep elf zephyrmancer
  2313 | D        | Reached skill level 16 in Fighting
  2313 | D        | Reached XP level 12. HP: 80/146 MP: 10/22
  2586 | D        | Noticed an emperor scorpion
  2589 | D        | Reached skill level 1 in Axes
  2593 | D        | Killed an emperor scorpion
  2652 | D        | Noticed Agnes
  2654 | D        | Killed Agnes
  2655 | D        | Reached skill level 17 in Fighting
  2750 | D        | Reached skill level 1 in Staves
  2844 | D        | Noticed a nagaraja
  2844 | D        | Noticed Azrael
  2844 | D        | Noticed a frost giant
  2844 | D        | Noticed a sphinx
  2848 | D        | Killed a sphinx
  2851 | D        | Killed a nagaraja
  2852 | D        | Killed Azrael
  2853 | D        | Reached skill level 5 in Axes
  2853 | D        | Reached skill level 5 in Staves
  2853 | D        | Reached XP level 13. HP: 117/158 MP: 14/24
  2856 | D        | Killed a frost giant
  2857 | D        | Reached skill level 18 in Fighting
  2857 | D        | Reached skill level 15 in Invocations
  2924 | D        | Got the ring "Yregetext" {rF- Int+6 Dex+6}
  2946 | D        | Learned a level 5 spell: Lee's Rapid Deconstruction
  2988 | D        | Noticed an orc warlord
  2988 | D        | Noticed an orc warlord
  2998 | D        | Reached skill level 1 in Spellcasting
  2998 | D        | Reached skill level 1 in Earth Magic
  3003 | D        | Killed an orc warlord
  3006 | D        | Killed an orc warlord
  3095 | D        | Reached skill level 5 in Spellcasting
  3204 | D        | Noticed a vault guard
  3210 | D        | Killed a vault guard
  3211 | D        | Reached skill level 19 in Fighting
  3322 | D        | Reached skill level 10 in Staves
  3344 | D        | Noticed a vault guard
  3353 | D        | Killed a vault guard
  3354 | D        | Reached skill level 5 in Earth Magic
  3652 | D        | Mangled by a centaur warrior simulacrum

Illustrated notes

Levels and vault maps discovered:
D:        pitsprint [storerooms_1, entrance_room_1, metal_vault_4, armoury_2,
          mini_pit_1, grid_room_1, main_hall_1, silver_pit, the_coven_1,
          the_vestibule_1, steel_vault_3, golden_pit, hallway_of_sentries,
          crystal_vault_5, iron_vault_1, final_vault]

Skill      XL: |  1  2  3  4  5  6  7  8  9 10 11 12 13 |
---------------+----------------------------------------+-----
Fighting       | 4 6 8 9 10 12 14 16 17 19 | 19.8
Maces & Flails | 4 6 8 9 11 12 14 16 17 | 17.8
Armour         | 2 3 4 5 6 7 9 10 11 | 11.3
Dodging        | 4 5 6 7 8 9 10 12 | 12.6
Invocations    | 2 4 6 7 8 10 11 13 14 15 | 15.0
Axes           | 5 |  5.4
Staves         | 5 11 | 11.6
Spellcasting   | 7 |  7.5
Earth Magic    | 6 |  6.3
Throwing       | |  2.0

Action                   |  1- 3 |  4- 6 |  7- 9 | 10-12 | 13-15 || total
-------------------------+-------+-------+-------+-------+-------++-------
Melee: Flail             |     8 |    42 |       |       |       ||    50
       Hand axe          |       |    21 |    11 |       |       ||    32
       Punch             |       |     1 |       |       |       ||     1
       Mace              |       |       |    12 |       |       ||    12
       Dire flail        |       |       |     6 |    65 |       ||    71
       Lajatang          |       |       |       |    10 |    73 ||    83
Throw: Throwing net      |     2 |       |       |       |       ||     2
       Large rock        |       |     1 |       |       |     1 ||     2
Invok: Slouch            |       |       |     6 |    30 |    12 ||    48
  Use: Potion            |       |       |     1 |     5 |     2 ||     8
       Scroll            |       |       |       |     2 |     3 ||     5
 Stab: Held in net/web   |     1 |       |       |       |       ||     1
       Sleeping          |       |       |     1 |       |       ||     1
Armor: Robe              |       |    16 |     6 |     8 |       ||    30
       Troll leather arm |       |       |       |    21 |    18 ||    39
Dodge: Dodged            |     1 |    64 |    22 |    73 |    52 ||   212
Block: Other             |       |       |       |     4 |    19 ||    23
       Reflection        |       |       |       |       |     3 ||     3

Table legend: (Time is in decaauts)
 A = Elapsed time spent in this place.
 B = Non-inter-level travel time spent in this place.
 C = Inter-level travel time spent in this place.
 D = Time resting spent in this place.
 E = Time spent auto-exploring this place.
 F = Levels seen in this place.
 G = Mean time per level.
                   A        B        C        D        E       F      G
               +--------+--------+--------+--------+--------+-----+--------+
         Total |   4507 |   4347 |    160 |   2207 |      0 |   1 | 4507.0 |
       Dungeon |   4507 |   4347 |    160 |   2207 |      0 |   1 | 4507.0 |
               +--------+--------+--------+--------+--------+-----+--------+

Top non-repeatable levels by time:
       D: 4507 daAuts
